 Dungeon Crawl Stone Soup version 0.30-a0-374-g95c0257 (webtiles) character file.

Game seed: 16672255800636159004

273 RandomTeleportist the Sneak (level 6, 0/41 HPs)
             Began as a Vampire Enchanter on Nov 26, 2022.
             Killed from afar by a steam dragon (16 damage)
             ... with a ball of steam
             ... on level 4 of the Dungeon.
             The game lasted 00:21:08 (3785 turns).

RandomTeleportist the Sneak (Vampire Enchanter)     Turns: 3785, Time: 00:21:08

Health: 0/41       AC:  7    Str:  6    XL:     6   Next: 2%
Magic:  1/9        EV: 13    Int: 26    God:
Gold:   268        SH:  0    Dex: 14    Spells: 2/10 levels left

rFire   . . .      SeeInvis +    a - +2 rapier of Beassac {venom, rElec rCorr Str-3 Int+8}
rCold   . . .      Faith    .    (no shield)
rNeg    . . .      Spirit   .    m - +0 robe
rPois   .          Reflect  .    (no helmet)
rElec   +          Harm     .    (no cloak)
rCorr   +          Rampage  .    (no gloves)
Will    .....                    k - +0 pair of boots
Stlth   +++.......               (no amulet)
HPRegen 0.46/turn                l - +4 ring of protection
MPRegen 0.11/turn                (no ring)

@: healing quickly
A: alive, fangs 3, see invisible, vampiric 2
a: Exsanguinate


You were on level 4 of the Dungeon.
You visited 1 branch of the dungeon, and saw 5 of its levels.

You collected 268 gold pieces.

Inventory:

Hand Weapons
 a - the +2 rapier of Beassac (weapon) {venom, rElec rCorr Str-3 Int+8}
   (You found it on level 4 of the Dungeon)

   It poisons the flesh of those it strikes.
   Str:       It affects your strength (-3).
   Int:       It affects your intelligence (+8).
   rElec:     It insulates you from electricity.
   rCorr:     It protects you from acid and corrosion.
 b - a +0 long sword
 q - a +1 dagger
Missiles
 e - 14 stones
 n - 6 boomerangs (quivered)
Armour
 c - a +0 leather armour
 i - a +0 ring mail
 k - a +0 pair of boots (worn)
 m - a +0 robe (worn)
Jewellery
 l - a +4 ring of protection (left hand)
Scrolls
 d - 2 scrolls of immolation {unknown}
 g - 2 scrolls of identify {unknown}
 o - a scroll of summoning {unknown}
 p - a scroll of enchant weapon {unknown}
 r - 2 scrolls of teleportation {unknown}
Potions
 f - a potion of mutation {unknown}
 h - 6 potions of curing {unknown}
 j - a potion of flight {unknown}
 s - a potion of heal wounds {unknown}
 A - 4 potions of invisibility


   Skills:
 + Level 3.0 Short Blades
 + Level 1.1 Armour
 - Level 3.0 Dodging
 + Level 6.1 Stealth
 - Level 2.6 Spellcasting
 + Level 5.9 Hexes
 + Level 1.5 Ice Magic


You had 2 spell levels left.
You knew the following spells:

 Your Spells              Type           Power      Damage    Failure   Level
g - Confusing Touch       Hex            34%        N/A       2%          3
E - Tukima's Dance        Hex            34%        N/A       2%          3
Z - Ensorcelled Hibernat  Hex/Ice        44%        N/A       3%          2

Your spell library contained the following spells:

 Spells                   Type           Power      Damage    Failure   Level
 Dazzling Flash           Conj/Hex       36%        N/A       9%          3
 Silence                  Hex/Air        9%         N/A       63%         5
 Agony                    Necr           3%         N/A       95%         5


Dungeon Overview and Level Annotations

Branches:
Dungeon (5/15)             Temple (0/1) D:5

Altars:
Kikubaaqudgha
Nemelex Xobeh
Okawaru
Ru
Xom

Annotations:
D:3 Ijyb
D:4 2 transporters, nrm's ghost, weakling DgDe
D:5 Grinder


Innate Abilities, Weirdness & Mutations

Your natural rate of healing is accelerated.
You have razor-sharp teeth.
You have supernaturally acute eyesight. (SInv)
You are afflicted with vampirism and can become a bat while bloodless.


Message History

Press: ? - help, Shift-Dir - straight line, f/p - steam dragon
Aim: a steam dragon (lightly wounded, chance to affect: 54%)
The steam dragon resists with significant effort.
The steam dragon bites you.
* * * LOW HITPOINT WARNING * * *
The steam dragon closely misses you.
Unknown command.
Casting: Ensorcelled Hibernation (safe; 3% risk of failure)
Confirm with . or Enter, or press ? or * to list all spells.
Aiming: Ensorcelled Hibernation (safe; 3% risk of failure)
Press: ? - help, Shift-Dir - straight line, f/p - steam dragon
Aim: a steam dragon (lightly wounded, chance to affect: 54%)
The steam dragon resists with significant effort.
The steam dragon bites you.
* * * LOW HITPOINT WARNING * * *
The steam dragon claws you but does no damage.
Unknown command.
Casting: Ensorcelled Hibernation (safe; 3% risk of failure)
Confirm with . or Enter, or press ? or * to list all spells.
Aiming: Ensorcelled Hibernation (safe; 3% risk of failure)
Press: ? - help, Shift-Dir - straight line, f/p - steam dragon
Aim: a steam dragon (lightly wounded, chance to affect: 54%)
The steam dragon looks drowsy...
Unknown command.
The helpless steam dragon fails to defend itself.
You impale the steam dragon!!
The steam dragon is almost dead.
The steam dragon barely misses you. The steam dragon claws you.
* * * LOW HITPOINT WARNING * * *
You closely miss the steam dragon.
The steam dragon is almost dead.
The steam dragon bites you.
* * * LOW HITPOINT WARNING * * *
The steam dragon claws you.
* * * LOW HITPOINT WARNING * * *
You closely miss the steam dragon. You punch the steam dragon.
The steam dragon is almost dead.
The steam dragon breathes steam at you. The ball of steam hits you!
You die...

###.~..~.......##...#.).......##
#..~~........##@.#...........##
###............#.D.....##.......#
.#.....................##..##...###
.....###............#..##.###......
.....#####........###..##..###.###.
.....#................##...##..###.
..............................†....
...............##.........#.###.#..
........8...#...##.................
.................#....##..#.###.#..
.................#######..#.#[#.#..
..............#### #..#.###.#..
....<...##....# #..........#
.....#.####..## #..#.###.#.#
....#### #### #..........# ...##
############


You could see a steam dragon (catching breath).

Vanquished Creatures
  3 iguanas (D:4)
  3 gnolls (D:2)
  7 adders
  An ufetubus (D:3)
  2 worms (D:2)
  5 dart slugs
  4 orcs (D:3)
  11 ball pythons
  6 bats
  9 endoplasms
  5 giant cockroaches
  5 hobgoblins
  2 jackals (D:2)
  3 quokkas
  8 goblins
  2 kobolds
  7 rats
83 creatures vanquished.

Notes
Turn   | Place    | Note
-------+----------+-------------------------------------------
     0 | D:1      | RandomTeleportist the Vampire Enchanter began the quest for
                  | the Orb.
     0 | D:1      | Reached XP level 1. HP: 13/13 MP: 3/3
   309 | D:1      | Reached XP level 2. HP: 19/19 MP: 5/5
   662 | D:1      | Learned a level 2 spell: Ensorcelled Hibernation
   846 | D:2      | Increase (S)trength, (I)ntelligence, or (D)exterity?
   846 | D:2      | Gained mutation: You are afflicted with vampirism and can
                  | become a bat while bloodless. [Vampire growth]
   846 | D:2      | Reached XP level 3. HP: 11/24 MP: 2/6
   929 | D:2      | Reached skill level 5 in Stealth
  1248 | D:2      | You miscast Ensorcelled Hibernation.
  1251 | D:2      | Reached skill level 5 in Hexes
  1359 | D:2      | Reached XP level 4. HP: 20/30 MP: 0/7
  2004 | D:3      | Found an opulent altar of Gozag.
  2006 | D:3      | Found a radiant altar of Vehumet.
  2006 | D:3      | Found an ancient bone altar of Kikubaaqudgha.
  2008 | D:3      | Found a sacrificial altar of Ru.
  2008 | D:3      | Found a shimmering altar of Xom.
  2008 | D:3      | Found an iron altar of Okawaru.
  2334 | D:3      | Noticed Ijyb
  2567 | D:3      | You miscast Ensorcelled Hibernation.
  2570 | D:3      | Reached XP level 5. HP: 35/35 MP: 3/8
  2911 | D:3      | Learned a level 3 spell: Confusing Touch
  2915 | D:3      | Learned a level 3 spell: Tukima's Dance
  2988 | D:4      | Found a faded altar of an unknown god.
  3014 | D:4      | Found a transporter.
  3042 | D:4      | Reached skill level 1 in Ice Magic
  3170 | D:4      | Reached skill level 1 in Armour
  3232 | D:4      | Identified the +2 rapier of Beassac {venom, rElec rCorr
                  | Str-3 Int+8}
  3278 | D:4      | Reached skill level 6 in Stealth
  3377 | D:4      | Reached XP level 6. HP: 37/41 MP: 9/9
  3435 | D:4      | Found a transporter.
  3438 | D:4      | Noticed nrm's ghost (weakling DgDe)
  3483 | D:4      | Found a sparkling altar of Nemelex Xobeh.
  3637 | D:5      | Entered Level 5 of the Dungeon
  3643 | D:5      | Found a staircase to the Ecumenical Temple.
  3643 | D:5      | Noticed Grinder
  3705 | D:5      | Noticed a steam dragon
  3785 | D:4      | Killed from afar by a steam dragon

Illustrated notes

Levels and vault maps discovered:
D:1:      onia_arrival_mini_spirals, layout_rooms
D:2:      layout_basic, grunt_ministairs_2, minmay_misc_feat_x,
          columned_hall_lemuel
D:3:      layout_loops_corners, doesnt_xom_only_xom, uniq_ijyb
D:4:      cheibrodos_helix_gallery, layout_cave_pools,
          nemelex_spade_bored_becter, gammafunk_ghost_arena,
          serial_column_ruins, column_ruins_temple_circle, column_ruins_hut,
          column_ruins_grid_1, column_ruins_open_medium,
          column_ruins_open_small, column_ruins_columns_dead_end,
          column_ruins_columns_straight, minmay_surrounded
D:5:      layout_loops_ring, nicolae_dithmenos_through_a_glass_darkly,
          makhleb_heckhound_becter, minmay_temple_entry_statues_pillars,
          moated_statue, uniq_grinder

Skill      XL: |  1  2  3  4  5 |
---------------+----------------+-----
Stealth        | 5 6 |  6.1
Short Blades   | 2 3 |  3.0
Hexes          | 5 |  5.9
Dodging        | 3 |  3.0
Ice Magic      | 1 |  1.5
Armour         | 1 |  1.1
Spellcasting   | |  2.6

Action                   |  1- 3 |  4- 6 || total
-------------------------+-------+-------++-------
Melee: Dagger            |   121 |   107 ||   228
       Bite              |     7 |    13 ||    20
       Punch             |     1 |     2 ||     3
       Rapier            |       |    25 ||    25
Throw: Stone             |     3 |    13 ||    16
       Boomerang         |       |    12 ||    12
 Cast: Ensorcelled Hiber |     8 |    21 ||    29
       Confusing Touch   |       |     1 ||     1
 Stab: Sleeping          |    13 |    17 ||    30
Armor: Robe              |    21 |    30 ||    51
Dodge: Dodged            |    63 |    87 ||   150

Table legend: (Time is in decaauts)
 A = Elapsed time spent in this place.
 B = Non-inter-level travel time spent in this place.
 C = Inter-level travel time spent in this place.
 D = Time resting spent in this place.
 E = Time spent auto-exploring this place.
 F = Levels seen in this place.
 G = Mean time per level.
                   A        B        C        D        E       F      G
               +--------+--------+--------+--------+--------+-----+--------+
         Total |   3771 |   3587 |    184 |    387 |   1860 |   5 |  754.2 |
       Dungeon |   3771 |   3587 |    184 |    387 |   1860 |   5 |  754.2 |
               +--------+--------+--------+--------+--------+-----+--------+

Top non-repeatable levels by time:
     D:3: 1194 daAuts
     D:2: 1063 daAuts
     D:4: 712 daAuts
     D:1: 689 daAuts
     D:5: 111 daAuts
